[Event "EICC 2025"]
[Site "Eforie-Nord"]
[Date "2025.03.15"]
[Round "1.9"]
[White "Filip, Lucian-Ioan"]
[Black "Gledura, Benjamin"]
[Result "0-1"]
[Annotator "TA"]
[ECO "B18"]
[WhiteElo "2335"]
[BlackElo "2658"]
[PlyCount "84"]
[EventDate "2025.03.14"]
[EventType "swiss"]
[EventCountry "ROU"]
[SourceTitle "playchess.com"]
[Source "ChessBase"]
[SourceQuality "1"]
[TimeControl "40/5400+30:1800+30"]

1. e4 c6 2. d4 d5 3. Nd2 dxe4 4. Nxe4 Bf5 5. Qf3 e6 6. Ne2 {[%emt 0:00:25] B18: Classical Caro-Kann: 4...Bf5 sidelines.} h5 $5 {[%emt 0:12:43][%mdl 4] Exploring less charted territory.} 7. h4 $146 ({Predecessor:} 7. c3 h4 8. Nf4 Nd7 9. Bd3 Ngf6 10. Ng5 Bxd3 11. Nxd3 Bd6 12. O-O Qe7 13. Re1 O-O-O {1-0 Mastrovasilis,D (2627)-Fridman,D (2626) Wch Blitz Warsaw 2021 (14)}) 7... Nf6 8. Nxf6+ {[%emt 0:06:06] The position is equal.} gxf6 9. c3 Bg4 10. Qd3 Nd7 11. Ng3 {[%emt 0:11:22] Black must now prevent f3.} Qc7 12. Qc2 O-O-O 13. Bd3 Rg8 14. Be3 c5 15. Ne2 Bxe2 (15... f5 $15 16. Qd2 Bxe2 17. Bxe2 Nf6) 16. Qxe2 Rg4 17. Bc2 cxd4 (17... Rxg2 18. d5 $11) 18. cxd4 (18. Bxd4 {simplifies} Bc5 19. O-O-O Bxd4 20. Rxd4 Rxd4 21. cxd4 Kb8 22. Kb1) 18... Qa5+ (18... Rxg2 $2 19. Rc1 Rg4 20. Bd3 $18) 19. Kf1 Bd6 20. Bd1 (20. Be4 $5) 20... Kb8 21. Qd2 Bb4 (21... Qxd2 $11 22. Bxd2 Rxd4) 22. Qc2 Rgg8 23. a3 Bd6 {[%emt 0:00:25] Prevents Bf4} 24. Bf3 Nb6 $1 25. g3 (25. Qd3 $11 {deserves consideration.}) 25... Rc8 (25... Nd5 $15 26. Re1 (26. Bxh5 $2 Nxe3+ 27. fxe3 Qxh5 $19) 26... f5) 26. Qb3 (26. Qd3 $1 $11) 26... Qf5 27. Ke2 e5 28. Rhc1 {[%emt 0:00:30] Prevents Rc2+} (28. Qxf7 $2 e4 29. Bxh5 Nd5 $19) 28... e4 29. Bh1 {[%emt 0:00:29] [#]} (29. Rxc8+ $1 $15 Rxc8 30. Bg2 Qg4+ 31. Kf1) 29... Nd5 (29... Rcd8 $1 $19 30. Bd2 (30. Qxf7 $2 Nd5 $19) 30... Be5) 30. Rxc8+ $1 $15 Rxc8 31. Rc1 Re8 32. Kd2 Nxe3 (32... Qe6 {seems wilder.} 33. Bg2 f5 34. Bh3 Rd8) 33. Qxe3 Qd5 34. Bg2 f5 35. Ke1 {[%emt 0:00:27] [#]} f4 $1 36. gxf4 {[%emt 0:00:05][%csl Od4,Of2,Of4,Oh4] White has weak pawns} Qf5 {[%emt 0:00:08] Black is more active.} 37. Bh3 Qf6 $36 {[%emt 0:00:09][%mdl 2048] White is under pressure.} (37... Qxf4 38. Qxf4 Bxf4 39. Rc4 $11) 38. Bd7 {[%emt 0:00:36] [#]} ({Better is} 38. Kd1 $15) 38... Rd8 $1 $17 (38... Bxf4 39. Rc6 Qxh4 (39... bxc6 40. Qb3+ Kc7 41. Bxe8 $11) 40. Qc3 bxc6 (40... Qh1+ 41. Ke2 $11) 41. Qb3+ Kc7 42. Bxe8 $11) 39. Qc3 {[%emt 0:00:22][%cal Oc3c8] Intending Qc8+! and mate.} a6 ({Worse is} 39... Rxd7 40. Qc8#) 40. Bh3 (40. Qh3 $142) 40... Bxf4 $19 (40... Qxf4 41. Kf1 $17) 41. Rd1 (41. d5 Qxh4 42. Rc2) 41... Qxh4 {[%emt 0:30:34] ...e3 would now be deadly.} 42. Ke2 {[%emt 0:00:00] [#]} e3 $1 {[%emt 0:00:00][%mdl 512] Weighted Error Value: White=0.38/Black=0.17 (very precise)   Mistake:       	White=6     	Black=4      Inaccurate:     	White=6     	Black=3      OK:         	White=10    	Black=13     Best:        	---       	Black=1      Strong:       	White=1     	Black=2      Brilliant:      	---       	Black=1} 0-1

[Event "EICC 2025"]
[Site "Eforie-Nord"]
[Date "2025.03.15"]
[Round "1.10"]
[White "Svane, Frederik"]
[Black "Sherman, Raem"]
[Result "1-0"]
[Annotator "TA"]
[ECO "A18"]
[WhiteElo "2654"]
[BlackElo "2333"]
[PlyCount "97"]
[EventDate "2025.03.14"]
[EventType "swiss"]
[EventCountry "ROU"]
[SourceTitle "playchess.com"]
[Source "ChessBase"]
[SourceQuality "1"]
[TimeControl "40/5400+30:1800+30"]

1. c4 e6 2. Nc3 Nf6 3. e4 d5 4. cxd5 exd5 5. e5 d4 6. exf6 dxc3 7. Bb5+ c6 8. Qe2+ Be6 9. Bc4 Qxf6 10. dxc3 {[%emt 0:00:50] A18: English Opening: Flohr-Mikenas System (1 c4 Nf6 2 Nc3 e6 3 e4).} Be7 11. Bxe6 Qxe6 12. Qxe6 {[%emt 0:00:30] White is slightly better.} fxe6 13. Nf3 Bf6 14. Be3 Nd7 15. O-O-O O-O-O $146 (15... Ke7 16. Rhe1 Rhd8 17. Re2 b6 18. Kc2 h6 19. a4 Nf8 20. Ra1 Rd5 21. Nd4 Bxd4 22. Bxd4 {½-½ Mendonca,L (2571)-Nitish,B (2416) Abu Dhabi op 28th 2022 (8)}) 16. Rhe1 {[%emt 0:08:39][%cal Oa2a4] White is much more active.} Rhe8 17. Kc2 h6 18. a4 (18. Bxa7 b6 $16) 18... b6 19. Nd2 Ne5 20. Ne4 Be7 {[%emt 0:00:44] Against Nd6+} 21. Rxd8+ Rxd8 22. Bd4 Nf7 23. Ng3 $1 (23. Bxg7 $6 Rg8 24. Bd4 Rxg2 $11) 23... Bf8 24. Rxe6 c5 25. Be3 Kd7 {[%emt 0:00:16] [#]} 26. Re4 Nd6 27. Re5 g6 28. Ne4 Nxe4 29. Rxe4 $16 {[%emt 0:00:04][%mdl 4096] Endgame KRB-KRB. White is a pawn up.} h5 (29... Rc8 $16 30. Kb3 Rc6) 30. Bg5 $18 Rc8 {[%emt 0:03:25] [#]} 31. Rf4 $1 Bd6 32. Rf7+ Kc6 33. Rf6 Rf8 34. Rxf8 ({Weaker is} 34. Rxg6 Rxf2+ 35. Kb3 Rxg2 $16) 34... Bxf8 {[%emt 0:00:02] KB-KB. White is a pawn up.} 35. c4 a6 (35... Kd6 {was called for.} 36. Kd3 Ke5 37. f4+ Kf5) 36. Kd3 b5 37. b3 {[%emt 0:00:02][%cal Bb2b3,Bb3a4][%mdl 32] White is clearly winning.} bxa4 (37... Bg7 $142 38. f3 Be5) 38. bxa4 Kd6 39. Ke4 Ke6 40. h3 Bg7 41. Be3 Bf8 42. g4 hxg4 43. hxg4 Kd6 44. Bf4+ Ke6 45. Be5 {[%emt 0:05:05] Strongly threatening f4.} g5 46. Bc3 Be7 47. Bd2 Bf6 48. Be3 Be7 49. f3 {[%emt 0:00:01] Weighted Error Value: White=0.02 (flawless) /Black=0.60  Mistake:       	---       	Black=3      OK:         	White=15    	Black=10     Best:        	White=2     	---        Strong:       	White=2     	---} 1-0

[Event "EICC 2025"]
[Site "Eforie-Nord"]
[Date "2025.03.15"]
[Round "1.10"]
[White "Levitan, Tal"]
[Black "Gorshtein, Ido"]
[Result "0-1"]
[Annotator "ChessBase"]
[ECO "B13"]
[WhiteElo "2233"]
[BlackElo "2569"]
[PlyCount "72"]
[EventDate "2025.03.14"]
[EventType "swiss"]
[EventCountry "ROU"]
[SourceTitle "playchess.com"]
[Source "ChessBase"]
[SourceQuality "1"]
[TimeControl "40/5400+30:1800+30"]

1. e4 c6 2. d4 d5 3. exd5 cxd5 4. Bd3 Nf6 5. h3 g6 6. Nf3 Bf5 7. Ne5 Bxd3 8. Qxd3 Nc6 9. O-O Bg7 10. Bf4 Qb6 11. Nxc6 bxc6 12. Nd2 Nd7 13. Nb3 O-O 14. c4 a5 15. Rfd1 a4 16. c5 Qb4 17. Bd2 Qb7 18. Na5 Qa6 19. Bc3 Nxc5 20. dxc5 Qxd3 21. Rxd3 Bxc3 22. Nxc6 Bf6 23. Rxd5 a3 24. Rb1 axb2 25. Nb4 Rfb8 26. Nc2 Rxa2 27. c6 Rc8 28. Rdd1 Kg7 29. Nb4 Ra1 30. Kf1 e6 31. Ke2 Bc3 32. Nc2 Rxb1 33. Rxb1 Rxc6 34. Kd3 Bf6 35. g3 Rd6+ 36. Ke2 Ra6 0-1

[Event "EICC 2025"]
[Site "Eforie-Nord"]
[Date "2025.03.15"]
[Round "1.11"]
[White "Kantor, Gergely"]
[Black "Dumbelovic, Novak"]
[Result "1-0"]
[Annotator "ChessBase"]
[ECO "E49"]
[WhiteElo "2563"]
[BlackElo "2232"]
[PlyCount "117"]
[EventDate "2025.03.14"]
[EventType "swiss"]
[EventCountry "ROU"]
[SourceTitle "playchess.com"]
[Source "ChessBase"]
[SourceQuality "1"]
[TimeControl "40/5400+30:1800+30"]

1. d4 Nf6 2. c4 e6 3. Nc3 Bb4 4. e3 O-O 5. a3 Bxc3+ 6. bxc3 c5 7. Bd3 d5 8. cxd5 exd5 9. Ne2 b6 10. O-O Ba6 11. Bb2 Re8 12. Ng3 Qd7 13. Bf5 Qc7 14. Re1 Nbd7 15. f3 h5 16. Qa4 h4 17. Qxa6 hxg3 18. hxg3 Qxg3 19. Qe2 g6 20. Bh3 Re7 21. Qf2 Qd6 22. Qh4 Kg7 23. e4 Rae8 24. e5 Nxe5 25. dxe5 Rxe5 26. Rxe5 Qxe5 27. Rf1 Nh5 28. f4 Qe3+ 29. Kh2 Qd3 30. Re1 Re2 31. Rxe2 Qxe2 32. Bc1 Qd1 33. Be3 Qd3 34. Qe1 Qe4 35. Qf2 f5 36. Qf3 Nf6 37. Bf2 Qc2 38. Be1 Ne4 39. Qe3 Qd1 40. Bh4 Qc2 41. Be1 Qd1 42. g4 d4 43. cxd4 cxd4 44. Qg1 Qe2+ 45. Bg2 Kf7 46. gxf5 gxf5 47. Qf1 Qc2 48. Qf3 Kg6 49. Bb4 d3 50. Qe3 Nf6 51. Kh3 a5 52. Be1 Qc4 53. Bh4 Qc3 54. Bf1 Qc6 55. Bg2 Qc3 56. a4 Kf7 57. Bxf6 Kxf6 58. Bf1 Qc6 59. Bxd3 1-0

[Event "EICC 2025"]
[Site "Eforie-Nord"]
[Date "2025.03.15"]
[Round "1.11"]
[White "David, Alexandru-Vasile"]
[Black "Yuffa, Daniil"]
[Result "0-1"]
[Annotator "TA"]
[ECO "B67"]
[WhiteElo "2331"]
[BlackElo "2654"]
[PlyCount "80"]
[EventDate "2025.03.14"]
[EventType "swiss"]
[EventCountry "ROU"]
[SourceTitle "playchess.com"]
[Source "ChessBase"]
[SourceQuality "1"]
[TimeControl "40/5400+30:1800+30"]

1. e4 c5 2. Nf3 d6 3. d4 cxd4 4. Nxd4 Nf6 5. Nc3 Nc6 6. Bg5 a6 7. Qd2 Bd7 8. O-O-O e6 9. Kb1 Be7 {[%emt 0:04:09] B67: Sicilian: Richter-Rauzer: 7...a6 8 0-0-0 Bd7, lines without 9 f4 Be7.} 10. Nxc6 Bxc6 11. f3 Qc7 {[%emt 0:06:44] The position is equal.} 12. Ne2 Rc8 13. Be3 $146 (13. c4 $5) (13. Nd4 Bxe4 14. fxe4 Nxe4 15. Qe3 Nxg5 16. h4 e5 17. hxg5 exd4 18. Qe4 d5 19. Qd3 Bxg5 20. Rxh7 Rxh7 21. Qxh7 {1-0 Melaa,S (2315)-Bacrot,E (2684) Titled Tuesday intern op 18th Jun Early blitz 2024 (2)}) 13... Bb5 14. Rc1 (14. g4 $142) 14... d5 $11 15. e5 Nd7 16. f4 Nb6 17. Bxb6 Qxb6 18. Nd4 O-O 19. c3 Bc5 20. Bxb5 {[%emt 0:03:19] [#]} Bxd4 21. cxd4 Qxb5 22. b3 h5 23. g3 a5 24. Rxc8 Rxc8 25. Rc1 Rxc1+ 26. Kxc1 {[%emt 0:00:07][%mdl 4096] Endgame KQ-KQ} a4 27. Kb2 Qa6 28. bxa4 Qxa4 29. a3 Qb5+ 30. Kc2 $1 Qa4+ 31. Kb2 Qc4 32. Qc3 {[%emt 0:02:00] [#] and Qxc4 should not be overlooked} Qe2+ 33. Qc2 Qe3 34. Qc8+ Kh7 35. Qxb7 (35. Qc3 $15 Qe2+ 36. Kb3 (36. Qc2+ Qxc2+ 37. Kxc2 Kg6 $17)) 35... Qxd4+ $17 36. Ka2 Qd2+ 37. Qb2 Qe3 ({Avoid the trap} 37... Qxb2+ $2 38. Kxb2 Kg6 39. a4 $18) 38. a4 $2 (38. Qb7 $15) 38... d4 $19 39. a5 $2 (39. Kb1) 39... d3 {[%emt 0:01:56] White must now prevent ...d2.} 40. a6 d2 {[%emt 0:01:13] Weighted Error Value: White=0.45/Black=0.08 (flawless)   Loses game:     	White=1     	---        Mistake:       	White=3     	---        Inaccurate:     	White=5     	Black=5      OK:         	White=12    	Black=11     Best:        	White=2     	Black=3      Strong:       	White=1     	---} 0-1

[Event "EICC 2025"]
[Site "Eforie-Nord"]
[Date "2025.03.15"]
[Round "1.12"]
[White "Martirosyan, Haik M."]
[Black "Brunello, Marina"]
[Result "1-0"]
[Annotator "TA"]
[ECO "B12"]
[WhiteElo "2652"]
[BlackElo "2330"]
[PlyCount "61"]
[EventDate "2025.03.14"]
[EventType "swiss"]
[EventCountry "ROU"]
[SourceTitle "playchess.com"]
[Source "ChessBase"]
[SourceQuality "1"]
[TimeControl "40/5400+30:1800+30"]

1. e4 c6 2. d4 d5 3. e5 Bf5 4. h4 h5 5. c4 dxc4 6. Bxc4 e6 7. Nc3 Nd7 8. Nge2 Be7 {[%emt 0:00:20] B12: Caro-Kann: Advance Variation.} 9. g3 {[%emt 0:02:22] is the new trend.} b5 10. Bb3 b4 {[%emt 0:00:07] The position is equal.} 11. Na4 Nb6 $146 (11... c5 12. Bf4 Nh6 13. O-O Qa5 14. Nxc5 Nxc5 15. dxc5 Rd8 16. Qc1 Bxc5 17. Bxh6 Rxh6 {½-½ Ter Sahakyan,S (2644)-Yoo,C (2583) Saint Louis Spring-A 2024 (8)}) 12. Nf4 Bg4 (12... Nh6 $14) 13. f3 $16 Bf5 14. Be3 Nd5 15. Bxd5 cxd5 16. Rc1 Rb8 17. Kf2 Qa5 18. b3 Qa6 19. Qd2 Bd8 20. Rc5 {[%emt 0:02:13] White is more active.} Be7 (20... Ne7 $16 21. Rg1 Kf8) 21. Rc7 $18 Bd8 22. Nc5 Qb6 23. Rd7 Bc7 (23... Ne7 $142 24. Ne2 Nc6) 24. Rc1 {[%emt 0:09:14][%cal Od7c7] And now Rxc7! would win.} Rc8 25. Nfd3 Bxd3 26. Qxd3 {[%emt 0:00:24] White is clearly winning.} Ne7 (26... Nh6 $142 27. Bg5 (27. Bxh6 Rxh6 28. f4 g6 $18) 27... O-O 28. Bxh6 gxh6) 27. Bg5 Nc6 {[%emt 0:12:49] [#]} 28. Nxe6 $1 {[%emt 0:09:10][%cal Od3f5] Threatening mate with Qf5!.} Kxd7 {[%emt 0:00:15] [#]} (28... Bxe5 29. Rxc6) 29. Qf5 $1 Bxe5 (29... Ne7 30. Nc5+) 30. Nc5+ (30. Nxg7+ $2 {loses.} Kd6 31. Qxf7 Bxd4+ (31... Qxd4+ 32. Be3 $17) 32. Kg2 Bxg7 33. Qxg7 Rhf8 $19) 30... Kc7 31. Qxf7+ {[%emt 0:00:14] Black did not feel at home in the position after the opening.   Weighted Error Value: White=0.02 (flawless) /Black=1.06  Mistake:       	---       	Black=4      Inaccurate:     	---       	Black=4      OK:         	White=11    	Black=5      Best:        	White=3     	---} ({Weaker is} 31. dxe5 Kb8 $16) 1-0

[Event "EICC 2025"]
[Site "Eforie-Nord"]
[Date "2025.03.15"]
[Round "1.12"]
[White "Prisacaru, Stefan-Emilian"]
[Black "Can, Emre"]
[Result "1/2-1/2"]
[Annotator "ChessBase"]
[ECO "D38"]
[WhiteElo "2231"]
[BlackElo "2562"]
[PlyCount "98"]
[EventDate "2025.03.14"]
[EventType "swiss"]
[EventCountry "ROU"]
[SourceTitle "playchess.com"]
[Source "ChessBase"]
[SourceQuality "1"]
[TimeControl "40/5400+30:1800+30"]

1. d4 d5 2. c4 e6 3. Nf3 Nf6 4. Nc3 Bb4 5. cxd5 exd5 6. Bg5 h6 7. Bh4 Bf5 8. Qa4+ Nc6 9. Ne5 O-O 10. Nxc6 Bxc3+ 11. bxc3 bxc6 12. e3 Rb8 13. Qa3 Qd6 14. Qxd6 cxd6 15. Bxf6 gxf6 16. c4 Rb2 17. cxd5 cxd5 18. Be2 Rc8 19. Bd1 Bd3 20. g4 Rc3 21. a3 Bc4 22. h4 Kf8 23. Rh3 Ke7 24. Rf3 Bd3 25. Rf4 Ke6 26. Rf3 a5 27. Rf4 Rc8 28. Rf3 f5 29. Rg3 Ke7 30. gxf5 Bxf5 31. Bg4 Bxg4 32. Rxg4 a4 33. Rf4 Ke6 34. Kf1 Rc3 35. Rg4 h5 36. Rg3 f6 37. Kg2 Kf7 38. Rf3 Ke6 39. Rg3 Rbb3 40. Rg7 Rxa3 41. Rxa3 Rxa3 42. Rh7 Rb3 43. Ra7 a3 44. Kf3 Rc3 45. Kg3 Kf5 46. Kf3 Rb3 47. Ra5 Ke6 48. Ra7 Rc3 49. Kg3 Rb3 1/2-1/2

[Event "EICC 2025"]
[Site "Eforie-Nord"]
[Date "2025.03.15"]
[Round "1.13"]
[White "Livaic, Leon"]
[Black "Bonte, Andrei-Mihai"]
[Result "1-0"]
[Annotator "ChessBase"]
[ECO "E11"]
[WhiteElo "2562"]
[BlackElo "2230"]
[PlyCount "65"]
[EventDate "2025.03.14"]
[EventType "swiss"]
[EventCountry "ROU"]
[SourceTitle "playchess.com"]
[Source "ChessBase"]
[SourceQuality "1"]
[TimeControl "40/5400+30:1800+30"]

1. d4 e6 2. Nf3 Nf6 3. c4 d5 4. g3 Bb4+ 5. Bd2 Be7 6. Bg2 O-O 7. Qc2 b6 8. cxd5 Nxd5 9. h4 f5 10. g4 Bb7 11. gxf5 exf5 12. Ne5 Nb4 13. Qb3+ Bd5 14. Bxd5+ Qxd5 15. Qxd5+ Nxd5 16. Nc3 Nxc3 17. Bxc3 a5 18. O-O-O Na6 19. a3 Rae8 20. h5 Nb8 21. Rhg1 Bf6 22. f4 Rd8 23. d5 Nd7 24. Rg2 Nc5 25. h6 Ne4 26. Rxg7+ Bxg7 27. Rg1 Nxc3 28. Rxg7+ Kh8 29. bxc3 Rxd5 30. Nf7+ Rxf7 31. Rxf7 Kg8 32. Rg7+ Kh8 33. Rxc7 1-0

[Event "EICC 2025"]
[Site "Eforie-Nord"]
[Date "2025.03.15"]
[Round "1.13"]
[White "Hnydiuk, Aleksander"]
[Black "Saric, Ivan"]
[Result "0-1"]
[Annotator "TA"]
[ECO "D02"]
[WhiteElo "2328"]
[BlackElo "2652"]
[PlyCount "86"]
[EventDate "2025.03.14"]
[EventType "swiss"]
[EventCountry "ROU"]
[SourceTitle "playchess.com"]
[Source "ChessBase"]
[SourceQuality "1"]
[TimeControl "40/5400+30:1800+30"]

1. Nf3 d5 2. d4 Nf6 3. Bf4 c5 4. e3 e6 5. Nbd2 Qb6 6. Rb1 {D02: 1 d4 d5 2 Nf3 sidelines, including 2...Nf6 3 g3 and 2...Nf6 3 Bf4.} cxd4 7. exd4 Bd7 8. c4 {[%emt 0:21:57] White is slightly better.} dxc4 9. Nxc4 Bb4+ 10. Bd2 Bxd2+ 11. Qxd2 Qc7 $146 {[%emt 0:00:42] [#]} (11... Qc6 $1 $14 12. Rc1 O-O) ({Predecessor:} 11... Qa6 12. Bd3 O-O 13. O-O Rd8 14. Rfc1 Bb5 15. b3 Nc6 16. a4 Bxc4 17. bxc4 Qa5 18. Qxa5 Nxa5 {½-½ Ferre Perez,A (2101)-Palladino,M (2219) W-ch WS/M/771 email 2020}) 12. Qb4 $1 $16 Nc6 {[%emt 0:02:03] [#]} 13. Qa3 O-O-O 14. Nd6+ Kb8 15. Nxf7 e5 16. Nxd8 (16. N7xe5 Nxd4 17. Nxd4 Qxe5+ 18. Ne2 Bf5 $15) (16. N3xe5 Nxe5 17. Nxe5 (17. dxe5 Bf5 $15) (17. Nxd8 Neg4 $17) 17... Be8 $14) (16. dxe5 $18 Rde8 17. Be2 (17. Nxh8 Nxe5 18. Be2 Nxf3+ 19. gxf3 Bb5 $16)) 16... Rxd8 17. Bb5 e4 18. Bxc6 exf3 19. Bxd7 (19. Bxf3 $16 {aiming for 0-0.} Bb5 20. Qb3 Re8+ 21. Kd1) 19... fxg2 $11 20. Rg1 Qxd7 21. Rxg2 Qxd4 {[%emt 0:08:14] ( -> ...Qe4+)} 22. Kf1 $1 (22. Rxg7 $2 Qe4+ 23. Kf1 Qxb1+ $19) 22... Nd5 {[%emt 0:02:51] Against Qc3} 23. Re1 ({White should try} 23. Qf3 $1 $14) 23... Nf4 24. Qc3 {[%emt 0:13:54] Dodges Qc4+} Qxc3 25. bxc3 Nxg2 26. Kxg2 $15 {[%emt 0:00:02][%mdl 4096] Endgame KR-KR} Kc7 27. Re7+ Rd7 28. Re6 Kd8 29. Kf3 Rd5 30. Re4 Rc5 31. c4 Ra5 32. Re2 Rh5 33. Kg3 Rc5 34. Re4 Ra5 35. Re2 Ra4 36. Rc2 Kd7 37. Kf3 Kc6 38. Ke4 Kc5 39. Ke5 Rxc4 {[%emt 0:02:04] Black is more active.} 40. Rxc4+ (40. Rd2 $17 {is tougher.}) 40... Kxc4 $19 41. f4 $2 (41. Ke6 Kd3 42. a4) 41... b5 {[%emt 0:03:20] Black is clearly winning.} 42. f5 b4 {[%emt 0:02:53] and ...a5 would now be decisive} 43. h4 h5 {[%emt 0:01:23] What a bad dream for White.   Weighted Error Value: White=0.39/Black=0.04 (flawless)   Loses game:     	White=1     	---        Mistake:       	White=4     	Black=1      Inaccurate:     	White=1     	---        OK:         	White=7     	Black=15     Best:        	White=7     	Black=8      Strong:       	White=2     	---} 0-1

[Event "EICC 2025"]
[Site "Eforie-Nord"]
[Date "2025.03.15"]
[Round "1.14"]
[White "Kollars, Dmitrij"]
[Black "Craciun, Sasha-Matei"]
[Result "1-0"]
[Annotator "TA"]
[ECO "C48"]
[WhiteElo "2649"]
[BlackElo "2325"]
[PlyCount "157"]
[EventDate "2025.03.14"]
[EventType "swiss"]
[EventCountry "ROU"]
[SourceTitle "playchess.com"]
[Source "ChessBase"]
[SourceQuality "1"]
[TimeControl "40/5400+30:1800+30"]

1. e4 e5 2. Nf3 Nc6 3. Nc3 Nf6 4. Bb5 Bd6 5. d3 O-O 6. Ba4 {[%emt 0:01:00] C48: Four Knights: 4 Bb5, replies other than 4...Bb4.} a6 7. Bg5 b5 8. Bb3 {[%emt 0:00:00] The position is equal.} Be7 9. a3 $5 {[%emt 0:01:30][%mdl 4] A promising side line.} d6 10. h3 Be6 11. Nd5 Bxd5 $146 (11... h6 12. Bd2 Nb8 13. a4 Nbd7 14. axb5 Bxd5 15. exd5 axb5 16. O-O Rxa1 17. Qxa1 Nc5 {1-0 Thavandiran,S (2399)-Montes Orozco,M (2166) American Continental 16th 2022 (5)}) 12. exd5 Nd4 13. Nxd4 exd4 14. O-O Rb8 15. Bd2 Nd7 16. Qg4 Bf6 17. Rae1 Nc5 18. Ba2 Qd7 19. Ba5 Rbc8 20. Re2 Qxg4 21. hxg4 Na4 22. Rb1 Nb6 23. Rbe1 Na4 24. Rb1 Nb6 25. Bb3 Rfe8 26. Kf1 Rxe2 27. Kxe2 Kf8 28. Ra1 Nd7 29. a4 Nc5 30. axb5 Nxb3 31. cxb3 axb5 $14 {[%emt 0:00:00][%mdl 4096] Endgame KRB-KRB} 32. Bd2 h6 33. Ra5 Ke8 34. Rxb5 Kd7 35. Kf3 Bg5 36. Bxg5 hxg5 {[%emt 0:00:00] KR-KR. White is a pawn up.} 37. Rb4 Re8 38. Rxd4 Rb8 (38... Re5 $14) 39. b4 $16 Ra8 40. b5 $1 Kc8 41. Re4 Kd7 42. Rb4 Rb8 43. Ke3 Re8+ 44. Kd2 Re5 (44... Rb8 $16 45. Kc3 Kc8) 45. b6 $18 cxb6 46. Rxb6 Rxd5 47. Rb7+ Ke6 48. b4 $1 g6 {[%emt 0:02:09] [#]} 49. f3 $1 f5 50. Kc3 Re5 51. Rb8 Ke7 {[%emt 0:00:00] Inhibits Re8+.} 52. Kd2 {[%emt 0:00:00] Against Re2+} Rd5 53. gxf5 Rxf5 54. Rb7+ Ke6 (54... Kd8 $142 55. Rg7 g4 56. Rxg6 (56. fxg4 Rg5 $16) 56... gxf3 57. gxf3 (57. Rxd6+ $2 Kc7 $19) 57... Kc7) 55. Rg7 Kf6 56. Rg8 Kf7 {[%emt 0:00:00] [#] Prevents Rf8+} 57. Rc8 Ke7 58. Kc3 Kd7 (58... g4 $142 59. fxg4 Rg5) 59. Rc4 d5 $2 (59... Rd5 $16 60. Rg4 Rb5) 60. Rg4 Kc6 61. Kb3 Kb5 62. d4 {[%emt 0:03:02] Dodges Re5} Rf4 63. Kc3 $2 (63. Rxg5 $18 Rxd4 64. Kc3 (64. Rxg6 Rxb4+ 65. Kc3 Ra4 $16)) 63... Rf5 $14 64. Kb3 $2 (64. Rg3 $1 $14) 64... Rf4 $18 {[%emt 0:00:00] Black is now going downhill.} 65. Rxg5 Rxd4 66. Kc3 ({Stronger than} 66. Rxg6 Rxb4+ 67. Kc3 Ra4 $11) 66... Rd1 $2 (66... Rxb4 {was worth a try.} 67. Rxd5+ (67. Rxg6 Ra4 $16) 67... Kc6) 67. Rxg6 {[%emt 0:00:35] White is clearly winning.} d4+ 68. Kc2 Rg1 69. Kd3 Rd1+ 70. Ke4 {[%emt 0:00:17] Black must now prevent Rd6.} Kxb4 (70... d3 $142 71. Kd4 Kxb4 72. Rb6+ Ka3) 71. Rc6 d3 72. Ke3 Kb3 73. g4 Kb2 74. g5 d2 75. Ke2 Rg1 76. Kxd2 Rxg5 77. Rb6+ Ka3 78. Ke3 Rf5 79. f4 {[%emt 0:00:09] Weighted Error Value: White=0.08 (flawless) /Black=0.15 (very precise)   Loses game:     	---       	Black=1      Missed win:     	White=1     	---        Mistake:       	White=1     	Black=6      Inaccurate:     	White=1     	Black=1      OK:         	White=22    	Black=27     Best:        	White=10    	Black=5      Strong:       	White=2     	---} 1-0

[Event "EICC 2025"]
[Site "Eforie-Nord"]
[Date "2025.03.15"]
[Round "1.14"]
[White "Stanojevic, Ilija"]
[Black "Lodici, Lorenzo"]
[Result "0-1"]
[Annotator "ChessBase"]
[ECO "A48"]
[WhiteElo "2230"]
[BlackElo "2559"]
[PlyCount "52"]
[EventDate "2025.03.14"]
[EventType "swiss"]
[EventCountry "ROU"]
[SourceTitle "playchess.com"]
[Source "ChessBase"]
[SourceQuality "1"]
[TimeControl "40/5400+30:1800+30"]

1. d4 Nf6 2. Nf3 b6 3. e3 Bb7 4. Bd3 c5 5. c4 cxd4 6. exd4 g6 7. O-O Bg7 8. Nc3 O-O 9. d5 e6 10. Bg5 h6 11. Bh4 Na6 12. Rc1 Nc5 13. Bb1 a5 14. b3 Rc8 15. Re1 exd5 16. Nxd5 Bxd5 17. cxd5 b5 18. Qd2 h5 19. Qf4 Qb6 20. Rcd1 Rce8 21. Ne5 Re7 22. d6 Re6 23. Nxf7 Kxf7 24. Qg5 Nce4 25. Bxe4 Nxe4 26. Qd5 Nc3 0-1

[Event "EICC 2025"]
[Site "Eforie-Nord"]
[Date "2025.03.15"]
[Round "1.15"]
[White "Sanal, Vahap"]
[Black "Zherebtsova, Alexandra"]
[Result "1-0"]
[Annotator "ChessBase"]
[ECO "C27"]
[WhiteElo "2557"]
[BlackElo "2229"]
[PlyCount "59"]
[EventDate "2025.03.14"]
[EventType "swiss"]
[EventCountry "ROU"]
[SourceTitle "playchess.com"]
[Source "ChessBase"]
[SourceQuality "1"]
[TimeControl "40/5400+30:1800+30"]

1. e4 e5 2. Nc3 Nf6 3. Bc4 Bb4 4. d3 c6 5. a3 Bxc3+ 6. bxc3 d5 7. exd5 cxd5 8. Ba2 h6 9. Ne2 Nc6 10. O-O O-O 11. h3 Re8 12. Kh1 b6 13. Bb2 Ba6 14. Qd2 Qd7 15. Rae1 Rad8 16. Ng3 Qc8 17. f3 Qd7 18. Qf2 Re7 19. f4 exf4 20. Qxf4 Rxe1 21. Rxe1 Qd6 22. Qf3 Ne5 23. Qf2 Ng6 24. Nf5 Qc6 25. c4 dxc4 26. Nxh6+ Kf8 27. Bc3 Rd7 28. Bb4+ Ne7 29. Nf5 Nfd5 30. Qh4 1-0